 Dungeon Crawl Stone Soup version 0.31.0-12-g77e489cdc1 (webtiles) character file.

Game seed: 1150942595932926245

3264 CrazyMind the Summoner (level 9, -9/47 HPs)
             Began as a Deep Elf Summoner on Feb 23, 2024.
             Was an Initiate of Gozag.
             Killed from afar by an electric eel (14 damage)
             ... with a bolt of electricity
             ... on level 8 of the Dungeon on Feb 26, 2024.
             The game lasted 00:45:36 (7628 turns).

CrazyMind the Summoner (Deep Elf Summoner)          Turns: 7628, Time: 00:45:38

Health: -9/47      AC:  4    Str:  5    XL:     9   Next: 68%
Magic:  21/25      EV: 15    Int: 25    God:    Gozag
Gold:   201        SH:  0    Dex: 21    Spells: 18/28 levels left

rFire   . . .        M - +3 short sword (freeze)
rCold   . . .        (no shield)
rNeg    . . .        a - +0 robe
rPois   .            p - +0 helmet
rElec   .            (no cloak)
rCorr   .            N - +0 pair of gloves
SInv    +            (no boots)
Will    .....        (no amulet)
Stlth   ++           o - ring of see invisible
HPRegen 0.27/turn    r - +6 ring of dexterity
MPRegen 0.19/turn

%: no passive effects
@: very slow
A: no striking features
a: Renounce Religion, Potion Petition, Call Merchant, Bribe Branch


You were on level 8 of the Dungeon.
You worshipped Gozag.
Gozag was aware of your devotion.
You visited 2 branches of the dungeon, and saw 9 of its levels.

You collected 1008 gold pieces.
You paid 807 gold pieces to Gozag.

Inventory:

Hand Weapons
 M - a +3 short sword of freezing (weapon)
Missiles
 q - 30 poisoned darts
 t - 2 throwing nets
 H - 4 boomerangs
Armour
 a - a +0 robe (worn)
 g - a +0 kite shield
 p - a +0 helmet (worn)
 v - a +0 buckler
 N - a +0 pair of gloves (worn)
Jewellery
 o - a ring of see invisible (left hand)
 r - a +6 ring of dexterity (right hand)
 B - an amulet of guardian spirit
Talismans
 f - a beast talisman
 x - a flux talisman
 E - a blade talisman
Wands
 C - a wand of charming (4)
 I - a wand of flame (19) (quivered)
Scrolls
 c - a scroll of silence {unknown}
 h - 2 scrolls of poison {unknown}
 j - 2 scrolls of enchant weapon {unknown}
 l - 3 scrolls of vulnerability {unknown}
 m - 2 scrolls of amnesia {unknown}
 n - 7 scrolls of identify
 s - a scroll of noise {unknown}
 u - 2 scrolls of fear {unknown}
 y - a scroll of brand weapon {unknown}
 z - 3 scrolls of teleportation
 F - 2 scrolls of fog
 J - a scroll of revelation {unknown}
 K - a scroll of enchant armour {unknown}
 L - a scroll of blinking {unknown}
Potions
 b - a potion of magic
 d - a potion of invisibility {unknown}
 e - 2 potions of attraction {unknown}
 i - a potion of cancellation {unknown}
 k - a potion of mutation {unknown}
 w - a potion of enlightenment {unknown}
 A - a potion of lignification {unknown}
 D - a potion of ambrosia {unknown}
 G - 2 potions of degeneration {unknown}


   Skills:
 + Level 1.5 Fighting
 + Level 2.6 Short Blades
 + Level 0.1 Throwing
 + Level 4.5 Dodging
 + Level 6.5 Stealth
 + Level 10.3 Spellcasting
 * Level 11.0 Summonings


You had 18 spell levels left.
You knew the following spells:

 Your Spells              Type           Power      Damage    Failure   Level
a - Summon Small Mammal   Summ           100%       N/A       1%          1
b - Call Imp              Summ           100%       N/A       1%          2
c - Call Canine Familiar  Summ           61%        N/A       1%          3
d - Summon Lightning Spi  Summ/Air       40%        N/A       4%          4

Your spell library contained the following spells:

 Spells                   Type           Power      Damage    Failure   Level
 Apportation              Tloc           24%        N/A       4%          1
 Necrotise                Necr           48%        1d6       4%          1
 Sting                    Conj/Alch      48%        1d6       4%          1
 Summon Blazeheart Golem  Fire/Summ      40%        N/A       4%          4
 Scorch                   Fire           24%        2d6       8%          2
 Summon Cactus Giant      Summ           30%        N/A       8%          6
 Flame Wave               Conj/Fire      12%        2d6       43%         4


Dungeon Overview and Level Annotations

Branches:
Dungeon (8/15) Zot: 26834  Temple (1/1) D:4 Zot: 5909
   Lair: D:8-11

Altars:
Ashenzari
Cheibriados
Elyvilon
Fedhas
Gozag
Hepliaklqana
Kikubaaqudgha
Makhleb
Nemelex Xobeh
Qazlal
Ru
Sif Muna
Trog
Vehumet
Wu Jian
Xom
Yredelemnul
The Shining One

Shops:
D:4 (


Message History

You now have 201 gold pieces (gained 6).
You swap places.
An electric eel comes into view.
An electric eel comes into view.
Casting: Call Imp (safe; 1% risk of failure)
Confirm with . or Enter, or press ? or * to list all spells.
An electric hum fills the air.
You swap places.
Your inugami cocks its head sideways at you.
An electric eel comes into view.
You start resting.
Your lightning spire disappears in a puff of smoke!
Your inugami disappears in a puff of smoke!
Magic restored.
You enter the shallow water.
Moving in this stuff is going to be slow. 2 electric eels come into view.
The electric eel shoots out a bolt of lightning at you!
The bolt of electricity hits the plant!
The plant begins to die.
The bolt of electricity hits you!
Casting: Summon Lightning Spire (dangerous; 4% risk of failure)
Confirm with . or Enter, or press ? or * to list all spells.
An electric hum fills the air.
The electric eel shoots out a bolt of lightning at you!
The bolt of electricity hits the plant!
The bolt of electricity misses you.
An electric eel comes into view.
The electric eel shoots out a bolt of lightning at you!
The bolt of electricity hits your lightning spire.
Your lightning spire completely resists.
The bolt of electricity hits the plant!
The bolt of electricity hits you! The bolt of electricity hits you.
The electric eel shoots out a bolt of lightning at you!
The bolt of electricity hits the electric eel.
The electric eel completely resists.
The bolt of electricity hits the plant!
The plant begins to die.
The bolt of electricity hits you!
* * * LOW HITPOINT WARNING * * *
The electric eel shoots out a bolt of lightning at you!
The bolt of electricity hits the plant!
The bolt of electricity hits you!
You die...
Your body crumbles into a pile of gold.

≈~~≈~~S~~.~♣
~~S~~SS~~.P##
............#
~~S~≈~~~~...#
~~~≈S~≈P~PP.#
~≈≈≈≈8~~~~~.#
~≈≈≈≈≈~P~♣..#
~~~~~~~~@#.#
♣♣~~~P~♣#..#
♣~~~~~...##
♣♣♣~♣###.##♣♣♣#
♣~ #....~~♣# .
#...PPP~♣ .
#....~≈≈♣# ##
#...~~~~~#
#....P♣~##


You could see 6 electric eels and a friendly lightning spire (summoned).

Vanquished Creatures
  A wraith (D:7)
  Menkaure (D:6)
  A black bear (D:4)
  A kobold brigand (D:8)
  2 bullfrogs
  A killer bee (D:6)
  An electric eel (D:8)
  An iguana (D:6)
  4 adders
  A shadow imp (D:6)
  A white imp (D:6)
  2 ribbon worms (D:3)
  3 dart slugs (D:5)
  4 orcs
  2 ball pythons (D:1)
  2 bats
  2 endoplasms (D:4)
  2 giant cockroaches
  2 goblins
  2 hobgoblins (D:4)
  4 jackals
  6 kobolds
  2 quokkas
  A frilled lizard (D:1)
  3 rats
52 creatures vanquished.

Vanquished Creatures (collateral kills)
  Pikel (D:6)
  Grinder (D:5)
  A steam dragon (D:6)
  2 ogres
  A centaur (D:6)
  A lemure (D:6)
  2 phantoms
  A kobold brigand (D:7)
  3 bullfrogs
  3 scorpions
  5 wights (D:6)
  5 killer bees (D:7)
  A hound (D:5)
  A jelly (D:6)
  3 bombardier beetles
  A sleepcap (D:4)
  An iguana (D:5)
  6 gnolls (D:2)
  8 adders
  A shadow imp (D:7)
  2 white imps
  5 dart slugs
  2 ribbon worms (D:2)
  3 orcs
  3 ball pythons
  3 endoplasms
  4 giant cockroaches
  3 goblins
  4 hobgoblins
  4 jackals
  12 kobolds
  2 quokkas
  3 bats
  11 frilled lizards
  2 rats
111 creatures vanquished.

Grand Total: 163 creatures vanquished

Notes
Turn   | Place    | Note
-------+----------+-------------------------------------------
     0 | D:1      | CrazyMind the Deep Elf Summoner began the quest for the
                  | Orb.
     0 | D:1      | Reached XP level 1. HP: 10/10 MP: 6/6
   272 | D:1      | Reached XP level 2. HP: 15/15 MP: 8/8
   275 | D:1      | Learned a level 2 spell: Call Imp
   556 | D:1      | Reached XP level 3. HP: 17/19 MP: 6/9
   795 | D:2      | Reached skill level 5 in Summonings
   868 | D:2      | Learned a level 3 spell: Call Canine Familiar
  1168 | D:2      | Reached XP level 4. HP: 24/24 MP: 7/11
  1499 | D:2      | Reached XP level 5. HP: 7/28 MP: 8/13
  1745 | D:2      | Learned a level 4 spell: Summon Lightning Spire
  3046 | D:4      | Found a staircase to the Ecumenical Temple.
  3055 | Temple   | Entered the Ecumenical Temple
  3100 | Temple   | Became a worshipper of Gozag Ym Sagoz the Greedy
  3328 | D:4      | Reached skill level 5 in Spellcasting
  3401 | D:4      | Found Pim Abiw's Weapon Shop.
  3425 | D:4      | Found a white marble altar of Elyvilon.
  3469 | D:4      | Noticed an ogre
  3531 | D:4      | Killed an ogre
  3532 | D:4      | Reached skill level 1 in Short Blades
  3532 | D:4      | Reached skill level 6 in Summonings
  3532 | D:4      | Reached XP level 6. HP: 33/33 MP: 10/16
  3619 | D:4      | Reached skill level 5 in Stealth
  3831 | D:4      | Reached XP level 7. HP: 37/37 MP: 11/17
  3877 | D:5      | Entered Level 5 of the Dungeon
  4186 | D:5      | Reached skill level 7 in Summonings
  4367 | D:5      | Found a radiant altar of Vehumet.
  4684 | D:5      | Noticed Grinder
  4706 | D:5      | Killed Grinder
  4707 | D:5      | Reached skill level 1 in Fighting
  5072 | D:6      | Noticed a steam dragon
  5080 | D:6      | Reached XP level 8. HP: 43/43 MP: 17/20
  5151 | D:6      | Reached skill level 8 in Summonings
  5382 | D:6      | Found a basalt altar of Yredelemnul.
  5475 | D:6      | Found a glowing golden altar of the Shining One.
  5613 | D:6      | Noticed Pikel
  5630 | D:6      | Reached skill level 9 in Summonings
  5845 | D:6      | Killed Pikel
  5846 | D:6      | Reached XP level 9. HP: 47/47 MP: 16/23
  6013 | D:6      | Noticed Menkaure
  6031 | D:6      | Reached skill level 10 in Summonings
  6065 | D:6      | Killed Menkaure
  6764 | D:7      | Found an ornate altar of the Wu Jian Council.
  6814 | D:7      | Found a bloodstained altar of Trog.
  6868 | D:7      | Identified the +0 scale mail "Saon" {+Inv}
  6898 | D:7      | Found a shimmering blue altar of Sif Muna.
  7105 | D:7      | Reached skill level 10 in Spellcasting
  7139 | D:7      | HP: 2/47 [wraith (9)]
  7513 | D:8      | Reached skill level 11 in Summonings
  7628 | D:8      | Killed from afar by an electric eel

Illustrated notes

Levels and vault maps discovered:
D:1:      minmay_arrival_four_circles, layout_loops_ring, minmay_lizard_king
D:2:      layout_basic, kennysheep_decorative_pillar,
          minmay_randomly_rotated_circles
D:3:      layout_loops_corners, moated_statue
D:4:      layout_rooms, kennysheep_mini, temple_pool_b, serial_shops, shop,
          hex_large, hex_medium, hangedman_decor_peaks_small
D:5:      kennysheep_slugbush, layout_basic, mainiacjoe_overflow_tiny_flanked,
          hangedman_decor_clover_reticule, uniq_grinder
D:6:      layout_basic, mainiacjoe_overflow_six_doors_small,
          general_overflow_altar, serial_park_tiny_1, uniq_menkaure, uniq_pikel
D:7:      cheibrodos_two_vegetables, layout_basic, mainiacjoe_overflow_24_doors,
          mainiacjoe_overflow_paths, nicolae_sif_muna_little_library
D:8:      layout_loops_ring, mainiacjoe_overflow_catwalk, serial_bayou,
          serial_bayou_crossing, serial_bayou_pond_e, serial_bayou_lagoon_a,
          serial_bayou_shore_b, serial_bayou_lagoon_b, gammafunk_ghost_grave
Temple:   minmay_temple_curvy_loop

Skill      XL: |  1  2  3  4  5  6  7  8  9 |
---------------+----------------------------+-----
Stealth        | 3 4 5 6 |  6.5
Summonings     | 5 6 7 9 11 | 11.0
Spellcasting   | 4 5 6 8 10 | 10.3
Dodging        | 3 4 |  4.5
Short Blades   | 1 2 |  2.6
Fighting       | 1 |  1.5
Throwing       | |  0.1

Action                     |  1- 3 |  4- 6 |  7- 9 || total
---------------------------+-------+-------+-------++-------
  Melee: Short sword       |    41 |    77 |    91 ||   209
         Punch             |       |     2 |       ||     2
  Throw: Dart              |       |     2 |       ||     2
   Cast: Summon Small Mamm |    18 |    26 |    22 ||    66
         Call Imp          |    10 |    21 |    30 ||    61
         Call Canine Famil |       |     8 |    18 ||    26
         Summon Lightning  |       |       |     9 ||     9
 Invoke: Potion Petition   |       |       |     1 ||     1
  Evoke: Wand              |       |       |     9 ||     9
    Use: Potion            |     1 |       |     3 ||     4
         Scroll            |       |       |     5 ||     5
   Stab: Sleeping          |     8 |    11 |    10 ||    29
         Distracted        |       |     1 |     4 ||     5
 Armour: Robe              |    23 |    53 |    86 ||   162
  Dodge: Dodged            |    27 |    44 |    84 ||   155
